 Dungeon Crawl Stone Soup version 0.31-a0-744-gbc345e7fcb (webtiles) character file.

Game seed: 9783425821189855989

3967 Ijustatesigmund the Thaumaturge (level 10, 0/55 HPs)
             Began as a Deep Elf Fire Elementalist on Sept 13, 2023.
             Slain by a yak (14 damage)
             ... on level 9 of the Dungeon.
             The game lasted 00:17:22 (8966 turns).

Ijustatesigmund the Thaumaturge (DEFE)              Turns: 8966, Time: 00:17:23

Health: 0/55       AC:  8    Str:  5    XL:     10   Next: 2%
Magic:  9/25       EV: 12    Int: 25    God:
Gold:   359        SH:  0    Dex: 15    Spells: 21/28 levels left

rFire   . . .        s - +3 orcbow (drain)
rCold   . . .        (shield currently unavailable)
rNeg    . . .        a - +0 robe
rPois   .            c - +0 helmet
rElec   .            (no cloak)
rCorr   .            m - +0 pair of gloves
SInv    .            (no boots)
Will    +....        x - amulet of regeneration
Stlth   ++           j - ring of wizardry
HPRegen 1.09/turn    C - +4 ring of protection
MPRegen 0.19/turn

%: wizardry (x1)
@: no status effects
A: no striking features
a: no special abilities


You were on level 9 of the Dungeon.
You visited 2 branches of the dungeon, and saw 10 of its levels.

You collected 542 gold pieces.
You spent 183 gold pieces at shops.

Inventory:

Hand Weapons
 f - a +0 rapier of protection
 s - a +3 orcbow of draining (weapon)
Armour
 a - a +0 robe (worn)
 c - a +0 helmet (worn)
 m - a +0 pair of gloves (worn)
 t - +0 acid dragon scales
Jewellery
 j - a ring of wizardry (left hand)
 l - a ring of see invisible
 w - a ring of magical power
 x - an amulet of regeneration (around neck)
 C - a +4 ring of protection (right hand)
 D - an amulet of magic regeneration
Wands
 e - a wand of flame (25)
 y - a wand of digging (6)
 z - a wand of roots (14)
Scrolls
 d - 5 scrolls of teleportation
 r - 2 scrolls of amnesia
 v - a scroll of summoning {unknown}
 B - a scroll of poison
Potions
 b - a potion of magic
 g - 3 potions of ambrosia
 h - 2 potions of resistance
 i - 3 potions of mutation
 k - a potion of attraction
 n - a potion of enlightenment
 o - a potion of invisibility
 p - a potion of berserk rage {unknown}
 q - a potion of haste {unknown}
 u - a potion of cancellation {unknown}
 A - a potion of degeneration {unknown}
 E - a potion of curing


   Skills:
 - Level 2.8 Fighting
 - Level 6.3 Ranged Weapons
 + Level 2.6 Armour
 - Level 2.4 Dodging
 - Level 2.4 Stealth
 + Level 9.9 Spellcasting
 + Level 8.0 Conjurations
 + Level 8.6 Fire Magic


You had 21 spell levels left.
You knew the following spells:

 Your Spells              Type           Power      Damage    Failure   Level
a - Foxfire               Conj/Fire      100%       2x1d9     1%          1
b - Scorch                Fire           100%       2d9       1%          2
c - Flame Wave            Conj/Fire      52%        2d13      1%          4

Your spell library contained the following spells:

 Spells                   Type           Power      Damage    Failure   Level
 Inner Flame              Hex/Fire       34%        N/A       1%          3
 Volatile Blastmotes      Fire/Tloc      68%        2d15      1%          3
 Wereblood                Tmut           12%        N/A       3%          2
 Irradiate                Conj/Tmut      16%        3d17      11%         5


Dungeon Overview and Level Annotations

Branches:
Dungeon (9/15)             Temple (1/1) D:4
   Lair: D:8-11         Orc: D:9-12

Altars:
Ashenzari
Cheibriados
Dithmenos
Elyvilon
Fedhas
Hepliaklqana
Kikubaaqudgha
Nemelex Xobeh
Qazlal
Ru
Sif Muna
Trog
Vehumet
Wu Jian
Xom
Yredelemnul
Zin
The Shining One

Shops:
D:4 (

Annotations:
D:7 2 transporters, Descartes's ghost, novice FeSh


Message History

The yak is lightly wounded.
You finish channelling waves of flame.
The yak closely misses you. The yak gores you! x2
Casting: Flame Wave (dangerous; 1% risk of failure)
Confirm with . or Enter, or press ? or * to list all spells.
Casting: Flame Wave (dangerous; 1% risk of failure)
Press: ? - help, Dir - look around, f - activate A wave of flame ripples out!
The flame wave engulfs the yak!
The yak is almost dead.
The flame wave engulfs the yak!
You kill the yak!
The flame wave engulfs the yak!
The yak is severely wounded. (Press . to intensify the flame waves.)
The yak completely misses you. x2
A wave of flame ripples out!
The flame wave engulfs the yak!
You kill the yak!
The flame wave engulfs the yak.
The yak is moderately wounded.
The flame wave engulfs the yak!
You kill the yak!
The yak gores you!
Your Conjurations skill increases to level 8!
You have reached level 10!
A wave of flame ripples out!
The flame wave engulfs the yak!
The yak is heavily wounded.
You finish channelling waves of flame.
The yak barely misses you.
Casting: Flame Wave (dangerous; 1% risk of failure)
Confirm with . or Enter, or press ? or * to list all spells.
Flames lash the yak.
The yak is severely wounded.
The yak's fire resistance burns away.
The yak gores you but does no damage. The yak gores you!
* * * LOW HITPOINT WARNING * * *
Casting: Scorch (safe; 1% risk of failure)
Confirm with . or Enter, or press ? or * to list all spells.
Flames lash the yak.
The yak is burned terribly!
The yak is severely wounded.
The yak gores you!
You die...

#..........#
#.....<....+
#.......>..#
#########'### #...#
#######'# ####+##
#........ .......###
#........ .......@.##
#........
......Y#..######........
.......##......'........
....... ########........
....... #........
....... #........
....... #........
....... ###+#####


You could see a yak (combustible).

Vanquished Creatures
  Maggie (D:8)
  Psyche (D:8)
  A wyvern (D:4)
  6 yaks
  Eustachio (D:4)
  3 water moccasins (D:7)
  An orc warrior (D:7)
  2 ice beasts (D:8)
  A sky beast (D:6)
  A black bear (D:6)
  2 centaurs
  A phantom (D:6)
  A kobold brigand (D:7)
  3 bullfrogs
  2 scorpions (D:5)
  A howler monkey (D:8)
  2 jellies (D:6)
  2 orc priests
  A gnoll bouda (D:4)
  4 hounds
  4 iguanas
  A sleepcap (D:6)
  7 orc wizards
  11 gnolls
  7 adders
  A shadow imp (D:5)
  A white imp (D:6)
  2 ufetubi
  A worm (D:3)
  A dart slug (D:4)
  17 orcs
  8 endoplasms
  A giant cockroach (D:4)
  8 goblins
  4 hobgoblins
  13 kobolds
  3 quokkas
  6 ball pythons
  4 bats
  A frilled lizard (D:1)
  4 rats
142 creatures vanquished.

Vanquished Creatures (collateral kills)
  A foxfire (D:4)
1 creature vanquished.

Vanquished Creatures (others)
  129 foxfires
129 creatures vanquished.

Grand Total: 272 creatures vanquished

Notes
Turn   | Place    | Note
-------+----------+-------------------------------------------
     0 | D:1      | Ijustatesigmund the Deep Elf Fire Elementalist began the
                  | quest for the Orb.
     0 | D:1      | Reached XP level 1. HP: 10/10 MP: 6/6
   423 | D:1      | Reached XP level 2. HP: 16/16 MP: 5/8
   426 | D:1      | Learned a level 2 spell: Scorch
  1237 | D:2      | Reached XP level 3. HP: 20/20 MP: 7/10
  1649 | D:2      | Reached skill level 1 in Fighting
  2292 | D:3      | Found a shimmering blue altar of Sif Muna.
  2583 | D:3      | Reached skill level 4 in Spellcasting
  2583 | D:3      | Reached XP level 4. HP: 5/25 MP: 1/12
  2672 | D:3      | Learned a level 4 spell: Flame Wave
  3541 | D:4      | Found a stormy altar of Qazlal.
  3566 | D:4      | Identified the +1 dagger of Fate {pain, *Rage Fly rPois}
  3599 | D:4      | Reached XP level 5. HP: 6/30 MP: 3/13
  3725 | D:4      | Noticed Eustachio
  3743 | D:4      | Killed Eustachio
  3744 | D:4      | Reached skill level 5 in Spellcasting
  3744 | D:4      | Reached XP level 6. HP: 29/35 MP: 1/15
  4041 | D:4      | Found a staircase to the Ecumenical Temple.
  4093 | Temple   | Entered the Ecumenical Temple
  4263 | D:4      | Noticed a wyvern
  4268 | D:4      | Killed a wyvern
  4269 | D:4      | Reached skill level 5 in Fire Magic
  4269 | D:4      | Reached XP level 7. HP: 31/40 MP: 10/17
  4423 | D:4      | Found Gyesmut's Weapon Shop.
  4426 | D:4      | Bought a +2 orcbow of draining for 183 gold pieces
  4545 | D:5      | Entered Level 5 of the Dungeon
  4758 | D:5      | Reached skill level 1 in Ranged Weapons
  4934 | D:5      | Found an ancient bone altar of Kikubaaqudgha.
  4959 | D:5      | Reached skill level 6 in Spellcasting
  5613 | D:6      | Reached skill level 5 in Conjurations
  5657 | D:6      | Found an ornate altar of the Wu Jian Council.
  5920 | D:7      | Reached XP level 8. HP: 38/45 MP: 10/20
  6109 | D:6      | Reached skill level 7 in Spellcasting
  6738 | D:7      | Reached skill level 5 in Ranged Weapons
  6780 | D:7      | Reached skill level 8 in Spellcasting
  6938 | D:7      | Noticed Descartes's ghost (novice FeSh)
  6939 | D:7      | Noticed a moth of wrath
  6993 | D:7      | Found a transporter.
  7015 | D:7      | Found a transporter.
  7022 | D:7      | Found a bloodstained altar of Trog.
  7131 | D:7      | Reached XP level 9. HP: 44/49 MP: 11/23
  7789 | D:8      | Noticed Maggie
  7967 | D:8      | Killed Maggie
  8116 | D:8      | Reached skill level 1 in Armour
  8116 | D:8      | Reached skill level 9 in Spellcasting
  8328 | D:8      | Noticed Psyche
  8335 | D:8      | Killed Psyche
  8345 | D:8      | Found a flagged portal.
  8556 | D:8      | Found a snail-covered altar of Cheibriados.
  8963 | D:9      | Reached XP level 10. HP: 21/55 MP: 13/25
  8966 | D:9      | Slain by a yak

Illustrated notes

Levels and vault maps discovered:
D:1:      lightli_arrival_farm, layout_basic, serial_park_tiny_2
D:2:      layout_loops_corners
D:3:      layout_loops_corners, mainiacjoe_overflow_boulevard
D:4:      layout_cave_pools, nicolae_qazlal_scattered_showers,
          minmay_temple_entry_tees, serial_shops, kennysheep_mini,
          minmay_misc_feat_roman, nicolae_figureground_sparkle, uniq_eustachio
D:5:      layout_gridville, kiku_gazebo_garden_becter
D:6:      layout_rooms, marbit_many_paths, kennysheep_generic_room_5
D:7:      layout_loops_ring, gammafunk_ghost_wrathful_warriors
D:8:      layout_basic, cheibriados_altar_1, enter_bailey_5, uniq_psyche,
          uniq_maggie
D:9:      layout_roguey, nicolae_overflow_hidden_temple,
          gammafunk_temple_overflow_elements, kennysheep_generic_room_8
Temple:   nicolae_temple_ecumenical_triangle

Skill      XL: |  1  2  3  4  5  6  7  8  9 |
---------------+----------------------------+-----
Conjurations   | 2 3 4 5 6 8 |  8.0
Fighting       | 1 2 |  2.8
Spellcasting   | 4 5 6 8 9 |  9.9
Fire Magic     | 4 5 6 7 8 |  8.6
Ranged Weapons | 3 5 6 |  6.3
Armour         | 2 |  2.6
Dodging        | |  2.4
Stealth        | |  2.4

Action                     |  1- 3 |  4- 6 |  7- 9 | 10-12 || total
---------------------------+-------+-------+-------+-------++-------
  Melee: Rapier            |       |    16 |       |       ||    16
         Punch             |       |     1 |       |       ||     1
   Fire: Orcbow            |       |       |   106 |       ||   106
   Cast: Foxfire           |    60 |    21 |     1 |       ||    82
         Scorch            |    13 |    22 |    63 |     2 ||   100
         Flame Wave        |       |     2 |    21 |       ||    23
  Evoke: Wand              |       |     7 |     3 |       ||    10
    Use: Scroll            |     4 |     6 |     8 |       ||    18
         Potion            |       |     2 |     1 |       ||     3
 Armour: Robe              |     6 |    33 |   104 |     3 ||   146
  Dodge: Dodged            |     3 |    27 |    90 |     1 ||   121

Table legend: (Time is in decaauts)
 A = Elapsed time spent in this place.
 B = Non-inter-level travel time spent in this place.
 C = Inter-level travel time spent in this place.
 D = Time resting spent in this place.
 E = Time spent auto-exploring this place.
 F = Levels seen in this place.
 G = Mean time per level.
                   A        B        C        D        E       F      G
               +--------+--------+--------+--------+--------+-----+--------+
         Total |   9030 |   8774 |    256 |   1643 |   5920 |  10 |  903.0 |
       Dungeon |   9000 |   8744 |    256 |   1643 |   5920 |   9 | 1000.0 |
        Temple |     29 |     29 |      0 |      0 |      0 |   1 |   29.0 |
               +--------+--------+--------+--------+--------+-----+--------+

Top non-repeatable levels by time:
     D:7: 1504 daAuts
     D:4: 1473 daAuts
     D:1: 1187 daAuts
     D:3: 1069 daAuts
     D:8: 1048 daAuts
     D:5: 928 daAuts
     D:2: 918 daAuts
     D:6: 830 daAuts
     D:9: 40 daAuts
  Temple: 29 daAuts
